 Dungeon Crawl Stone Soup version 0.29.1-1-gd02db6906a (webtiles) character file.

Game seed: 10063770846518497984

97 mathmaestro the Grave Robber (level 4, -1/33 HPs)
             Began as a Demonspawn Necromancer on Sept 16, 2022.
             Slain by a gnoll
             ... wielding a +0 spear
              (4 damage)
             ... on level 2 of the Dungeon.
             The game lasted 00:03:49 (1951 turns).

mathmaestro the Grave Robber (DsNe)                 Turns: 1951, Time: 00:03:50

Health: -1/33      AC:  3    Str:  8    XL:     4   Next: 42%
Magic:  0/8        EV: 11    Int: 19    God:
Gold:   125        SH:  0    Dex: 13    Spells: 4/8 levels left

rFire   . . .      SeeInvis .   e - +4 short sword
rCold   . . .      Faith    .   (no shield)
rNeg    . . .      Spirit   .   l - +0 leather armour
rPois   .          Reflect  .   (helmet restricted)
rElec   .          Harm     .   (no cloak)
rCorr   .          Rampage  .   (no gloves)
Will    .....                   (no boots)
Stlth   ++........              (no amulet)
HPRegen 0.11/turn               (no ring)
MPRegen 0.11/turn               (no ring)

@: no status effects
A: antennae 1
a: no special abilities


You were on level 2 of the Dungeon.
You visited 1 branch of the dungeon, and saw 2 of its levels.

You collected 125 gold pieces.

Inventory:

Hand Weapons
 e - a +4 short sword (weapon)
Armour
 l - a +0 leather armour (worn)
Scrolls
 a - a scroll of poison
 j - a scroll of magic mapping
 k - a scroll of silence
 m - a scroll of identify
Potions
 b - a potion of magic
 c - 2 potions of brilliance {unknown}
 d - a potion of might {unknown}
 f - a potion of lignification {unknown}
 g - 4 potions of curing {unknown}
 h - 2 potions of heal wounds {unknown}
 i - a potion of attraction {unknown}
 n - a potion of ambrosia {unknown}


   Skills:
 + Level 1.8 Fighting
 + Level 1.2 Armour
 - Level 2.0 Dodging
 - Level 2.0 Stealth
 + Level 2.7 Spellcasting
 + Level 5.0 Necromancy


You had 4 spell levels left.
You knew the following spells:

 Your Spells              Type           Power      Damage    Failure   Level
a - Necrotise             Necr           84%        1d8       2%          1
b - Vampiric Draining     Necr           21%        2d7       9%          3

Your spell library contained the following spells:

 Spells                   Type           Power      Damage    Failure   Level
 Sandblast                Erth           4%         2d4       22%         1
 Animate Dead             Necr           21%        N/A       28%         4
 Passwall                 Tmut/Erth      1%         N/A       32%         2
 Stone Arrow              Conj/Erth      4%         3d7       54%         3
 Agony                    Necr           21%        N/A       61%         5
 Borgnjor's Vile Clutch   Necr/Erth      6%         N/A       91%         5
 Statue Form              Tmut/Erth      1%         N/A       100%        6
 Chain Lightning          Conj/Air       1%         3d1       100%        9
 Fire Storm               Conj/Fire      1%         7d1       100%        9
 Shatter                  Erth           1%         3d5*      100%        9


Dungeon Overview and Level Annotations

Branches:
Dungeon (2/15)

Altars:


Innate Abilities, Weirdness & Mutations

You have a pair of small antennae on your head.


Message History

Casting: Necrotise (safe; 2% risk of failure)
Confirm with . or Enter, or press ? or * to list all spells.
Aiming: Necrotise (safe; 2% risk of failure)
Press: ? - help, Shift-Dir - straight line, f/p - gnoll
Aim: a gnoll, wielding a +0 flail (lightly wounded, chance to affect: 85%)
The gnoll writhes in agony.
The gnoll hits you with a +0 flail.
The gnoll hits you from afar with a +0 spear!
You hit the gnoll.
The gnoll is almost dead.
The gnoll misses you.
The gnoll hits you from afar with a +0 spear.
The gnoll closely misses you. The gnoll barely misses you.
Casting: Necrotise (safe; 2% risk of failure)
Confirm with . or Enter, or press ? or * to list all spells.
The spell is quite dangerous to miscast (9% risk of failure)!
Continue anyway?
Okay, then.
Unknown command.
Casting: Vampiric Draining (quite dangerous; 9% risk of failure)
Confirm with . or Enter, or press ? or * to list all spells.
Aiming: Necrotise (safe; 2% risk of failure)
Press: ? - help, Shift-Dir - straight line, f/p - gnoll
Aim: a gnoll, wielding a +0 flail (almost dead, chance to affect: 85%)
The gnoll barely resists.
The gnoll hits you with a +0 flail!
* * * LOW HITPOINT WARNING * * *
The gnoll hits you from afar with a +0 spear.
* * * LOW HITPOINT WARNING * * *
Casting: Necrotise (safe; 2% risk of failure)
Confirm with . or Enter, or press ? or * to list all spells.
Okay, then.
Casting: Necrotise (safe; 2% risk of failure)
Confirm with . or Enter, or press ? or * to list all spells.
The spell is quite dangerous to miscast (9% risk of failure)!
Continue anyway?
Aiming: Vampiric Draining (quite dangerous; 9% risk of failure)
Press: ? - help, Shift-Dir - straight line, f/p - gnoll
Aim: a gnoll, wielding a +0 flail (almost dead)
You draw life force from the gnoll.
You kill the gnoll!
You feel life coursing into your body.
The gnoll hits you from afar with a +0 spear.
You die...

># .......# .#
.......# ## ......$#
.# .......# .####
......g#### ....#
#Sr..# ....# #g##.#
....# #)# #
..).###### ###@#
...##....#####...###
...##.##...........#
(..##.##...........#
..###.##...........#
...##.##...........#
....#.#....#########
....#.###### ....#.#


You could see 2 gnolls, an adder and a rat.

Vanquished Creatures
  An orc priest (D:2)
  2 gnolls (D:2)
  An adder (D:2)
  A dart slug (D:2)
  4 orcs (D:2)
  An endoplasm (D:1)
  A giant cockroach (D:2)
  5 goblins
  3 hobgoblins
  8 jackals
  4 kobolds
  2 quokkas
  3 ball pythons (D:1)
  A bat (D:2)
  6 frilled lizards
43 creatures vanquished.

Notes
Turn   | Place    | Note
-------+----------+-------------------------------------------
     0 | D:1      | mathmaestro the Demonspawn Necromancer began the quest for
                  | the Orb.
     0 | D:1      | Reached XP level 1. HP: 13/13 MP: 3/3
   274 | D:1      | Gained mutation: You have a pair of small antennae on your
                  | head. [demonic ancestry]
   274 | D:1      | Reached XP level 2. HP: 20/20 MP: 3/5
   836 | D:1      | Reached skill level 1 in Fighting
  1173 | D:2      | Got the Teachings on Silt
  1228 | D:2      | Reached XP level 3. HP: 25/26 MP: 3/6
  1232 | D:2      | Learned a level 3 spell: Vampiric Draining
  1692 | D:2      | Reached skill level 1 in Armour
  1692 | D:2      | Reached XP level 4. HP: 23/32 MP: 2/8
  1944 | D:2      | Reached skill level 5 in Necromancy
  1951 | D:2      | Slain by a gnoll

Illustrated notes

Levels and vault maps discovered:
D:1:      dpeg_arrival_signposts, layout_loops_ring
D:2:      layout_basic

Skill      XL: |  1  2  3  4 |
---------------+-------------+-----
Stealth        | 2 |  2.0
Dodging        | 2 |  2.0
Fighting       | 1 |  1.8
Armour         | 1 |  1.2
Necromancy     | 5 |  5.0
Spellcasting   | |  2.7

Action                   |  1- 3 |  4- 6 || total
-------------------------+-------+-------++-------
Melee: Club              |     4 |       ||     4
       Short sword       |    26 |    13 ||    39
 Cast: Necrotise         |    48 |     8 ||    56
       Vampiric Draining |       |     1 ||     1
  Use: Scroll            |     3 |       ||     3
 Stab: Sleeping          |     1 |       ||     1
Armor: Robe              |     2 |       ||     2
       Leather armour    |    12 |     2 ||    14
Dodge: Dodged            |    29 |     8 ||    37
